AoeStats
← Pablorito III

Arena

507211854Analyzed
3v3 RM · 16d ago on Sep 17, 2026· 35m 41s· 6 players
Game mode
Random Map
Map size
Normal (6 player)
Population
200
Speed
Normal
Resources
Standard
Victory
Conquest
Starting age
Dark Age
Ending age
Imperial Age
RankedLock teamsTeams togetherTeam positionsShared explorationLock speedFull tech treeHidden civsTurbo modeCheats
Victory
Defeat
724
+13
🇨🇳 Chinese · China
604
+18
583
+19
🇨🇱 Mongols · Chile
713
-19
🇨🇱 Franks · Chile
670
-17
🇨🇳 Britons · China
590
-14
Pablorito III
12:11 Feudal Age
13:57 Wheelbarrow
13:31 Double-Bit Axe
15:06 Gold Mining
15:07 Stone Mining
21:41 Castle Age
21:32 Scale Mail Armor
21:52 Pikeman
22:38 Squires
22:23 Arson
24:56 Elite Skirmisher
27:05 Gold Shaft Mining
27:08 Hand Cart
28:26 Bow Saw
30:01 Forging
29:53 Padded Archer Armor
33:56 Murder Holes
34:12 Masonry
34:24 Ballistics
JeanMulet
11:46 Feudal Age
12:43 Double-Bit Axe
14:48 Wheelbarrow
15:01 Horse Collar
15:30 Gold Mining
18:03 Town Watch
19:35 Stone Mining
20:27 Fletching
22:42 Castle Age
20:54 Padded Archer Armor
22:26 Forging
22:21 Scale Mail Armor
25:28 Hand Cart
24:37 Pikeman
25:18 Bodkin Arrow
25:39 Leather Archer Armor
26:06 Bow Saw
26:06 Heavy Plow
牛人玩牛牛游!
11:42 Feudal Age
15:08 Double-Bit Axe
16:07 Wheelbarrow
20:33 Castle Age
27:30 Stone Mining
29:05 Hand Cart
35:12 Imperial Age
35:31 Pikeman
35:57 Gambesons
Gatherer
0:44 Loom
11:02 Feudal Age
12:54 Double-Bit Axe
15:40 Castle Age
13:24 Horse Collar
16:55 Wheelbarrow
16:33 Bow Saw
16:24 Heavy Plow
28:28 Imperial Age
26:38 Hand Cart
27:50 Forging
27:40 Scale Mail Armor
28:06 Squires
27:52 Arson
28:10 Fletching
28:31 Gold Mining
28:31 Stone Mining
28:31 Gold Mining
28:31 Stone Mining
28:43 Elite Fire Lancer
28:46 Capped Ram
30:50 Iron Casting
30:30 Chain Mail Armor
30:50 Iron Casting
30:15 Bodkin Arrow
30:07 Town Watch
30:40 Siege Ram
32:38 Blast Furnace
33:35 Plate Mail Armor
34:28 Bracer
34:33 Scale Barding Armor
35:32 Chemistry
34:52 Ballistics
34:29 Murder Holes
34:44 Masonry
35:38 Arson
36:16 Chain Barding Armor
35:57 Padded Archer Armor
MyGO!!!!! Dr. Shiina Taki
12:08 Feudal Age
16:12 Castle Age
14:42 Double-Bit Axe
18:02 Wheelbarrow
17:47 Bow Saw
18:34 Horse Collar
21:17 Hand Cart
21:08 Loom
21:31 Heavy Plow
22:03 Stone Mining
22:18 Scale Mail Armor
23:15 Heavy Plow
23:41 Gold Mining
25:32 Squires
25:18 Arson
25:45 Forging
25:50 Chain Mail Armor
30:13 Imperial Age
32:20 Iron Casting
32:16 Plate Mail Armor
32:15 Elite Samurai
33:10 Capped Ram
36:40 Blast Furnace
邦多利第一耐摔王-莫提斯
11:02 Feudal Age
14:25 Castle Age
13:38 Stone Mining
14:44 Double-Bit Axe
15:52 Loom
24:45 Gold Mining
25:18 Bow Saw
29:18 Horse Collar
35:52 Imperial Age
34:22 Wheelbarrow
34:58 Heavy Plow
35:00 Capped Ram
36:43 Crop Rotation
Connection lost

Rejoining the realm…

Still unreachable

The connection could not be restored.

Session expired

The server has moved on; the page needs a fresh start.